 Dungeon Crawl Stone Soup version 0.29.1-4-g47bece8355 (webtiles) character file.

Game seed: 16922193186070072934

3075 ChadusMaximus the Summoner (level 9, -4/45 HPs)
             Began as a Deep Elf Summoner on Dec 4, 2022.
             Was an Initiate of Yredelemnul.
             Slain by an orc warrior
             ... wielding a +0 glaive
              (10 damage)
             ... in a bailey.
             The game lasted 00:15:53 (9335 turns).

ChadusMaximus the Summoner (Deep Elf Summoner)      Turns: 9335, Time: 00:15:54

Health: -4/45      AC:  4    Str:  5    XL:     9   Next: 58%
Magic:  18/25      EV: 17    Int: 25    God:    Yredelemnul [......]
Gold:   290        SH:  0    Dex: 15    Spells: 11/28 levels left

rFire   . . .      SeeInvis .   h - +0 spear
rCold   . . .      Faith    .   (no shield)
rNeg    . . .      Spirit   .   v - +0 leather armour
rPois   .          Reflect  .   (no helmet)
rElec   .          Harm     .   (no cloak)
rCorr   .          Rampage  .   g - +0 pair of gloves
Will    .....                   (no boots)
Stlth   ++........              (no amulet)
HPRegen 0.15/turn               d - +4 ring of evasion
MPRegen 0.19/turn               i - ring of flight

@: flying
A: no striking features
a: Renounce Religion, Recall Undead Harvest


You were in a bailey.
You worshipped Yredelemnul.
Yredelemnul was noncommittal.
You visited 2 branches of the dungeon, and saw 8 of its levels.
You also visited: Bailey.

You collected 290 gold pieces.

Inventory:

Hand Weapons
 c - a +0 short sword
 h - a +0 spear (weapon)
Armour
 a - a +0 robe
 g - a +0 pair of gloves (worn)
 v - a +0 leather armour (worn)
Magical Staves
 A - a staff of death
Jewellery
 d - a +4 ring of evasion (left hand)
 i - a ring of flight (right hand)
 y - an amulet of regeneration
 z - a +6 ring of strength
 E - a ring of see invisible
 I - a ring of positive energy
Scrolls
 e - a scroll of enchant armour
 j - a scroll of vulnerability {unknown}
 k - 5 scrolls of noise
 m - a scroll of enchant weapon {unknown}
 n - a scroll of magic mapping {unknown}
 r - a scroll of butterflies {unknown}
 t - a scroll of blinking {unknown}
 u - 2 scrolls of fear
 x - 3 scrolls of poison
 B - a scroll of immolation {unknown}
 F - a scroll of teleportation {unknown}
 G - a scroll of amnesia {unknown}
 H - 2 scrolls of silence
Potions
 b - a potion of magic
 f - 2 potions of ambrosia {unknown}
 l - a potion of brilliance {unknown}
 o - 2 potions of attraction {unknown}
 p - 2 potions of heal wounds {unknown}
 q - a potion of might {unknown}
 s - a potion of haste {unknown}
 w - a potion of berserk rage {unknown}
 C - a potion of degeneration {unknown}
 D - 2 potions of curing {unknown}


   Skills:
 + Level 4.7 Dodging
 - Level 2.8 Stealth
 + Level 10.2 Spellcasting
 * Level 12.3 Summonings


You had 11 spell levels left.
You knew the following spells:

 Your Spells              Type           Power      Damage    Failure   Level
a - Summon Small Mammal   Summ           100%       N/A       1%          1
b - Call Canine Familiar  Summ           65%        N/A       1%          3
c - Call Imp              Summ           65%        N/A       1%          2
d - Summon Lightning Spi  Summ/Air       43%        N/A       6%          4
e - Summon Hydra          Summ           32%        N/A       41%         7

Your spell library contained the following spells:

 Spells                   Type           Power      Damage    Failure   Level
 Summon Guardian Golem    Hex/Summ       43%        N/A       1%          3
 Shock                    Conj/Air       48%        1d6       9%          1
 Sublimation of Blood     Necr           12%        N/A       12%         2
 Wereblood                Tmut           12%        N/A       12%         2
 Inner Flame              Hex/Fire       12%        N/A       24%         3
 Swiftness                Air            12%        N/A       24%         3
 Airstrike                Air            6%         2d(1-17)  63%         4
 Cause Fear               Hex            6%         N/A       63%         4
 Discord                  Hex            6%         N/A       100%        8


Dungeon Overview and Level Annotations

Branches:
Dungeon (7/15)             Temple (1/1) D:4          Bailey (1/1)

Altars:
Cheibriados
Dithmenos
Elyvilon
Fedhas
Gozag
Hepliaklqana
Kikubaaqudgha
Makhleb
Nemelex Xobeh
Okawaru
Qazlal
Ru
Trog
Uskayaw
Vehumet
Wu Jian
Xom
Yredelemnul
Zin
The Shining One

Shops:
D:3 (


Message History

Your warg disappears in a puff of smoke!
You swap places.
You reach down and open the door.
An orc warrior comes into view. It is wielding a +0 glaive.
The orc warrior shouts!
The orc warrior hits you from afar with a +0 glaive.
Casting: Summon Lightning Spire (dangerous; 6% risk of failure)
Confirm with . or Enter, or press ? or * to list all spells.
An electric hum fills the air.
The orc warrior hits you from afar with a +0 glaive!!
Casting: Summon Lightning Spire (dangerous; 6% risk of failure)
Confirm with . or Enter, or press ? or * to list all spells.
The orc warrior completely misses you. What are your orders? t - Shout!
Orders for allies: a - Attack new target. r - Retreat! s - Stop attacking. g - Guard the area. f - Follow me.
Anything else - Cancel.
You shout for attention!
Something misses your wolf. Something misses your wolf.
Something hits your wolf! Something closely misses your wolf.
Something barely misses your wolf. Something closely misses your wolf.
Something hits your wolf!
Your wolf dies!
Your wolf's corpse disappears in a puff of smoke!
The orc warrior attacks as you move away!
The orc warrior hits you with a +0 glaive!!
* * * LOW HITPOINT WARNING * * *
Your orc zombie barely misses the orc warrior.
The orc warrior misses you.
Casting: Call Canine Familiar (safe; 1% risk of failure)
Confirm with . or Enter, or press ? or * to list all spells.
Your orc zombie hits the orc warrior but does no damage.
The orc warrior hits you from afar with a +0 glaive!
You die...
Your body rises from the dead as a mindless zombie.

##. #.......... #..
#..##...... #.#
###.##...... #.+
#.')##...... #.###
###.##...... #.'o#
#.h.##......
#o#########.##......
#Z.##.#.##..#.......
##.@#)#'#..##.......
##..h..).##........
#########...≈≈≈.≈≈
#......≈##.#≈
.......≈#h.##
.......)....#
......)≈##.##
......)≈≈###5
........≈≈≈≈≈


You could see an orc warrior (ally target), a friendly warg (summoned) and a
friendly orc zombie.

Vanquished Creatures
  A kobold brigand (D:7)
  Jessica (D:3)
  2 adders
  A dart slug (D:1)
  2 orcs
  3 ball pythons
  5 endoplasms
  A giant cockroach (D:4)
  6 goblins
  4 hobgoblins
  3 jackals
  2 quokkas
  8 bats
  2 frilled lizards
  5 kobolds
  2 rats
48 creatures vanquished.

Vanquished Creatures (collateral kills)
  Pikel (D:6)
  A water moccasin (D:5)
  3 sky beasts
  2 ice beasts
  5 orc warriors
  2 ogres
  A phantom (D:5)
  2 lemures (D:6)
  A kobold brigand (D:6)
  2 necrophages
  4 scorpions
  4 killer bees (D:5)
  3 hounds
  3 jellies
  2 orc priests
  6 iguanas
  2 orc wizards
  Robin (D:3)
  3 gnolls (D:3)
  2 adders
  2 white imps
  2 worms
  2 dart slugs
  20 orcs
  2 ball pythons
  5 bats
  3 endoplasms
  3 giant cockroaches
  A goblin (D:3)
  8 hobgoblins
  5 jackals
  18 kobolds
  2 quokkas
  A frilled lizard (D:3)
  A kobold zombie (D:7)
  A rat (D:3)
  A spectral kobold (D:5)
127 creatures vanquished.

Vanquished Creatures (others)
  2 scorpion zombies (D:6)
  A killer bee zombie (D:5)
  A jelly zombie (D:5)
  3 kobold zombies
  5 orc zombies
12 creatures vanquished.

Grand Total: 187 creatures vanquished

Notes
Turn   | Place    | Note
-------+----------+-------------------------------------------
     0 | D:1      | ChadusMaximus the Deep Elf Summoner began the quest for the
                  | Orb.
     0 | D:1      | Reached XP level 1. HP: 10/10 MP: 6/6
   262 | D:1      | Reached XP level 2. HP: 15/15 MP: 6/8
  1004 | D:1      | Reached XP level 3. HP: 18/19 MP: 7/10
  1303 | D:1      | Reached skill level 5 in Summonings
  2253 | D:2      | Learned a level 3 spell: Call Canine Familiar
  2789 | D:2      | Reached XP level 4. HP: 24/24 MP: 12/12
  2805 | D:3      | Found Ytoyteg's Weapon Shop.
  2844 | D:3      | Noticed Jessica
  2852 | D:3      | Killed Jessica
  3185 | D:3      | Reached skill level 6 in Summonings
  3185 | D:3      | Reached XP level 5. HP: 17/28 MP: 9/13
  3422 | D:3      | Noticed Robin
  3441 | D:3      | Killed Robin
  4348 | D:3      | Reached skill level 5 in Spellcasting
  4752 | D:4      | Reached XP level 6. HP: 32/32 MP: 11/15
  4829 | D:4      | Reached skill level 7 in Summonings
  5620 | D:4      | Found a sacrificial altar of Ru.
  5623 | D:4      | Found a shimmering altar of Xom.
  5623 | D:4      | Found a sparkling altar of Nemelex Xobeh.
  5625 | D:4      | Found a sacrificial altar of Ru.
  5625 | D:4      | Found a burning altar of Makhleb.
  5625 | D:4      | Found a sparkling altar of Nemelex Xobeh.
  5721 | D:4      | Found a staircase to the Ecumenical Temple.
  5790 | Temple   | Entered the Ecumenical Temple
  5811 | Temple   | Became a worshipper of Yredelemnul the Dark
  5872 | D:5      | Entered Level 5 of the Dungeon
  5892 | D:5      | Found an iron altar of Okawaru.
  5903 | D:5      | Reached XP level 7. HP: 33/36 MP: 14/18
  6053 | D:5      | Reached skill level 8 in Summonings
  6224 | D:5      | Learned a level 2 spell: Call Imp
  6549 | D:5      | Found a hazy altar of Hepliaklqana.
  6677 | D:5      | Reached * piety under Yredelemnul
  6876 | D:5      | Reached ** piety under Yredelemnul
  6995 | D:5      | Reached skill level 9 in Summonings
  7035 | D:5      | Reached XP level 8. HP: 21/41 MP: 17/21
  7240 | D:5      | Found a sparkling altar of Nemelex Xobeh.
  7241 | D:5      | Found a shadowy altar of Dithmenos.
  7297 | D:5      | Reached *** piety under Yredelemnul
  7652 | D:5      | Learned a level 4 spell: Summon Lightning Spire
  7670 | D:6      | Reached skill level 10 in Summonings
  7681 | D:6      | Learned a level 7 spell: Summon Hydra
  7790 | D:6      | Noticed Pikel
  7800 | D:6      | Killed Pikel
  7801 | D:6      | Reached skill level 11 in Summonings
  7860 | D:6      | Reached XP level 9. HP: 45/45 MP: 21/24
  8688 | D:7      | Reached skill level 10 in Spellcasting
  8695 | D:7      | Found a flagged portal.
  8707 | Bailey   | Entered a bailey
  8888 | Bailey   | Reached skill level 12 in Summonings
  9335 | Bailey   | Slain by an orc warrior

Illustrated notes

Levels and vault maps discovered:
D:1:      amcnicky_arrival_wind_blow, layout_loops_corners
D:2:      cheibrodos_old_hovel, layout_rooms
D:3:      layout_loops_ring, serial_shops, shop, uniq_robin, uniq_jessica
D:4:      layout_loops_ring, doesnt_xom_only_xom, minmay_temple_entry_nine_rooms
D:5:      layout_loops_corners, mainiacjoe_overflow_surrounded_room,
          nicolae_hepliaklqana_monster_ancestors,
          gammafunk_temple_overflow_statue, dk_noncrumbling_4,
          minmay_stone_trees_small
D:6:      layout_rooms, uniq_pikel
D:7:      minmay_thick_lines, layout_rooms, enter_bailey_1, chequers_jeans
Temple:   nicolae_temple_no_exploring_needed
Bailey:   bailey_polearm_2, bailey

Skill      XL: |  1  2  3  4  5  6  7  8  9 |
---------------+----------------------------+-----
Summonings     | 5 6 7 9 11 12 | 12.3
Spellcasting   | 4 5 6 7 9 10 | 10.2
Dodging        | 4 |  4.7
Stealth        | |  2.8

Action                   |  1- 3 |  4- 6 |  7- 9 || total
-------------------------+-------+-------+-------++-------
Melee: Unarmed           |     1 |       |       ||     1
       Spear             |    96 |   157 |    62 ||   315
       Short sword       |    13 |       |       ||    13
       Punch             |       |     3 |     2 ||     5
 Cast: Summon Small Mamm |    45 |    17 |    33 ||    95
       Call Canine Famil |     1 |    18 |    24 ||    43
       Call Imp          |       |       |     9 ||     9
       Summon Lightning  |       |       |    11 ||    11
  Use: Scroll            |       |       |     5 ||     5
 Stab: Sleeping          |    10 |     7 |     3 ||    20
       Distracted        |     1 |     2 |     2 ||     5
Armor: Robe              |    23 |     6 |       ||    29
       Leather armour    |       |    13 |     8 ||    21
Dodge: Dodged            |    80 |   133 |    70 ||   283
